 Dungeon Crawl Stone Soup version 0.23.2-33-g5129a83184 (webtiles) character file.

Game seed: 12582424059171877523

74 Atelerd the Magician (level 4, -4/28 HPs)
             Began as an Octopode Wizard on July 16, 2019.
             Slain by Sigmund
             ... wielding a +3 scythe
              (10 damage)
             ... on level 2 of the Dungeon.
             The game lasted 00:02:57 (2086 turns).

Atelerd the Magician (Octopode Wizard)              Turns: 2086, Time: 00:02:59

Health: -4/28      AC:  1    Str:  6    XL:     4   Next: 28%
Magic:  3/9        EV: 13    Int: 25    God:
Gold:   42         SH:  0    Dex: 10    Spells: 4/10 levels left

rFire    . . .     SeeInvis .   e - +0 dagger (venom)
rCold    . . .     Gourm    .   (no shield)
rNeg     . . .     Faith    .   a - +0 hat
rPois    .         Spirit   .   (no amulet)
rElec    .         Reflect  .   j - +4 ring of intelligence
rCorr    .         Harm     .   (no ring)
MR       .....                  (no ring)
Stlth    +++.......             (no ring)
HPRegen  0.09/turn              (no ring)
MPRegen  0.11/turn              (no ring)
                                (no ring)
                                (no ring)

@: no status effects
A: almost no armour, stealthy swim, amphibious, 8 rings, constrict 8, camouflage
1, gelatinous body 1
a: no special abilities


You were on level 2 of the Dungeon.
You were hungry.

You visited 1 branch of the dungeon, and saw 2 of its levels.

You collected 42 gold pieces.

Inventory:

Hand Weapons
 e - a +0 dagger of venom (weapon)
Missiles
 h - 3 exploding tomahawks (quivered)
Armour
 a - a +0 hat (worn)
Jewellery
 j - a +4 ring of intelligence (left tentacle)
 m - a +6 ring of dexterity {unknown}
Scrolls
 d - a scroll of teleportation {unknown}
 f - a scroll of enchant weapon {unknown}
 l - a scroll of random uselessness {unknown}
Potions
 b - a potion of heal wounds
 g - a potion of might {unknown}
 i - a potion of agility {unknown}
 k - a potion of lignification {unknown}
Comestibles
 c - a ration


   Skills:
 + Level 1.2 Fighting
 + Level 2.4 Dodging
 - Level 2.6 Stealth
 * Level 3.6 Spellcasting
 * Level 2.3 Conjurations
   Level 1.0 Summonings
 - Level 1.0 Translocations


You had 4 spell levels left.
You knew the following spells:

 Your Spells              Type           Power        Failure   Level  Hunger
a - Magic Dart            Conj           ###.         3%          1    None
b - Mephitic Cloud        Conj/Pois/Air  #.......     21%         3    ##.....
c - Blink                 Tloc           N/A          10%         2    #......

Your spell library contained the following spells:

 Spells                   Type           Power        Failure   Level  Hunger
 Call Imp                 Summ           #.......     10%         2    #......
 Slow                     Hex            #.......     14%         2    #......
 Conjure Flame            Conj/Fire      ##......     17%         3    ##.....


Dungeon Overview and Level Annotations

Branches:
Dungeon (2/15)

Altars:
Vehumet
Yredelemnul

Annotations:
D:2 Sigmund


Innate Abilities, Weirdness & Mutations

You cannot wear most types of armour.
You are very stealthy in the water. (Stealth+)
You are amphibious.
You can wear up to eight rings at the same time.
You can use your tentacles to constrict eight enemies at once.
Your skin changes colour to match your surroundings (Stealth+).
Your rubbery body absorbs attacks. (AC +1, EV +1)


Message History

Casting: Magic Dart (safe; 3% risk of failure)
Confirm with . or Enter, or press ? or * to list all spells.
Aiming: Magic Dart (safe; 3% risk of failure)
Press: ? - help, Shift-Dir - straight line, f/p - adder
Aim: an adder (heavily wounded, constricted by you)
The magic dart hits the adder.
The adder is almost dead.
You constrict the adder.
You kill the adder!
You feel sick.
You start resting.
You feel sick. x3
Your magical contamination has completely faded away.
You start resting.
You feel sick. x3
Something says, "I'm a little confused."
You feel sick.
You are no longer poisoned.
Something hits you!
You die...

#.#†#..# #.#.#..#######
#.#.#.[.......
#######.#.#...######
#.............#
#.....#.#.##..######
###.#.#.#.##........
...#.#.#.##...#####
#########.#.#.#.@....#..
........#.#.#.#####..#.#
.######.#.#.#........#.#
......#.#.#.########.#.# #
.####.#.#.#..........[.#.#
# ......#.#
#..#######...#.#.#
#######.#
#........#.......# #.#
#.######.......### #.#
#........#..####


There were no monsters in sight!

Vanquished Creatures
  3 adders (D:2)
  2 oozes
  5 bats
  4 giant cockroaches
  5 goblins
  6 hobgoblins
  A ball python (D:2)
  2 frilled lizards
  4 kobolds
  9 rats
41 creatures vanquished.

Notes
Turn   | Place    | Note
-------+----------+-------------------------------------------
     0 | D:1      | Atelerd the Octopode Wizard began the quest for the Orb.
     0 | D:1      | Reached XP level 1. HP: 11/11 MP: 4/4
   232 | D:1      | Reached XP level 2. HP: 18/18 MP: 6/6
   812 | D:1      | Reached XP level 3. HP: 12/22 MP: 4/7
   817 | D:1      | Learned a level 3 spell: Mephitic Cloud
   820 | D:1      | Learned a level 2 spell: Blink
  1207 | D:2      | Reached skill level 1 in Fighting
  1270 | D:2      | Found a basalt altar of Yredelemnul.
  1533 | D:2      | Found a radiant altar of Vehumet.
  1771 | D:2      | Reached XP level 4. HP: 22/28 MP: 9/9
  2047 | D:2      | Noticed Sigmund
  2086 | D:2      | Slain by Sigmund

Skill      XL: |  1  2  3 |
---------------+----------+-----
Fighting       | 1 |  1.2
Conjurations   | 2 |  2.3
Dodging        | |  2.4
Stealth        | |  2.6
Spellcasting   | |  3.6
Summonings     | |  1.0
Translocations | |  1.0

Action                   |  1- 3 |  4- 6 || total
-------------------------+-------+-------++-------
Melee: Unarmed           |    39 |       ||    39
       Constrict         |    18 |     1 ||    19
       Tentacles         |    10 |       ||    10
       Dagger            |    33 |     7 ||    40
 Cast: Magic Dart        |    25 |     3 ||    28
       Mephitic Cloud    |     2 |     1 ||     3
       Blink             |       |     1 ||     1
  Use: Potion            |       |     1 ||     1
 Stab: Sleeping          |     6 |     5 ||    11
       Distracted        |     1 |       ||     1
  Eat: Chunk             |     2 |     1 ||     3
Armor: Skin              |     4 |     1 ||     5
Dodge: Dodged            |    33 |     5 ||    38
